 Dungeon Crawl Stone Soup version 0.31.0-4-g52a2dc7128 (webtiles) character file.

Game seed: 15165550781931456804

324 Azzok the Ruffian (level 6, -3/38 HPs)
             Began as an Octopode Shapeshifter on Jan 21, 2024.
             Was an Initiate of Gozag.
             Blown up by Pikel (18 damage)
             ... with a mindburst bolt
             ... on level 4 of the Dungeon.
             The game lasted 00:03:49 (3328 turns).

Azzok the Ruffian (Octopode Shapeshifter)           Turns: 3328, Time: 00:03:49

Health: -3/38      AC:  1    Str: 15    XL:     6   Next: 48%
Magic:  6/6        EV: 13    Int: 13    God:    Gozag
Gold:   476        SH:  0    Dex: 11    Spells: 5/5 levels left

rFire   . . .        e - +0 dagger (drain)
rCold   . . .        (no shield)
rNeg    . . .        (helmet currently unavailable)
rPois   .            (no amulet)
rElec   .            n - ring of resist corrosion
rCorr   +            (no ring)
SInv    .            (no ring)
Will    .....        (no ring)
Stlth   ++           (no ring)
HPRegen 0.26/turn    (no ring)
MPRegen 0.10/turn    (no ring)
                     (no ring)

%: no passive effects
@: beast-form
A: beast (slay +2), almost no armour, amphibious, 8 rings, camouflage 1,
gelatinous body 1, (nimble swimmer 1), tentacles
a: Begin Untransformation, Renounce Religion, Potion Petition, Call Merchant,
Bribe Branch


You were on level 4 of the Dungeon.
You worshipped Gozag.
Gozag was aware of your devotion.
You were a hulking beast.
You visited 1 branch of the dungeon, and saw 4 of its levels.

You collected 520 gold pieces.
You paid 44 gold pieces to Gozag.

Inventory:

Hand Weapons
 e - a +0 dagger of draining (weapon)
Jewellery
 n - a ring of resist corrosion (left tentacle)
Talismans
 b - a beast talisman
 o - a blade talisman
Wands
 m - a wand of mindburst (12)
Scrolls
 h - a scroll of blinking {unknown}
 j - a scroll of poison {unknown}
 k - a scroll of noise
 l - 2 scrolls of immolation
Potions
 a - a potion of lignification
 c - a potion of ambrosia {unknown}
 d - a potion of enlightenment {unknown}
 f - 3 potions of curing
 g - a potion of cancellation {unknown}
 q - a potion of attraction


   Skills:
 - Level 1.0 Fighting
 - Level 2.0 Dodging
 + Level 5.4 Unarmed Combat
 + Level 5.1 Shapeshifting


You had 5 spell levels left.
You didn't know any spells.
Your spell library contained the following spells:

 Spells                   Type           Power      Damage    Failure   Level
 Kiss of Death            Conj/Necr      0%         2d5       30%         1
 Magic Dart               Conj           0%         1d3       30%         1
 Blink                    Tloc           0%         N/A       43%         2
 Call Imp                 Summ           0%         N/A       43%         2
 Cause Fear               Hex            0%         N/A       97%         4
 Animate Dead             Necr           Unusable   N/A       N/A         4

Dungeon Overview and Level Annotations

Branches:
Dungeon (4/15)
 Temple: D:4-7

Altars:
Cheibriados
Gozag
Yredelemnul
The Shining One

Shops:
D:4 *

Annotations:
D:4 Pikel


Innate Abilities, Weirdness & Mutations

You are a hulking beast.
Your limbs bulge with bestial killing power. (Slay +2)
You cannot wear most types of armour.
You are amphibious.
You can wear up to eight rings at the same time.
Your skin changes colour to match your surroundings (Stealth+).
Your rubbery body absorbs attacks. (AC +1, EV +1)
((You are camouflaged when in or above water. (Stealth+)))
You have tentacles for arms and can constrict up to eight enemies at once.


Message History

The lemure shouts!
You grab the quokka. You squeeze the quokka.
You kill the quokka!
You hear a shout! x2
Pikel and a lemure come into view.
Pikel is wielding a +1 whip of electrocution and carrying a wand of mindburst.
The lemure shouts!
You hear a shout!
You see here 5 gold pieces.
Pikel zaps a wand.
Your mind is blasted!
The lemure is no longer distracted by gold.
You closely miss the lemure. You grab the lemure.
You constrict the lemure, but do no damage.
The lemure closely misses you.
You hit the lemure.
The lemure is lightly wounded.
You constrict the lemure, but do no damage.
The lemure barely misses you.
You hit the lemure but do no damage. You tentacle-slap the lemure.
The lemure is lightly wounded.
You constrict the lemure.
You lose your grip on the lemure.
You barely miss Pikel. Your grab misses Pikel.
A lemure comes into view.
You barely miss Pikel.
The lemure shouts!
Your grab misses Pikel.
Pikel zaps a wand.
You barely resist. You hit Pikel but do no damage. You grab Pikel.
You squeeze Pikel, but do no damage. You constrict Pikel.
Pikel completely misses you.
You hit Pikel.
Pikel is lightly wounded.
You constrict Pikel, but do no damage.
Pikel hits you with a +1 whip of electrocution!
You are electrocuted!
A lemure comes into view.
The lemure shouts!
You hit Pikel. You drain Pikel. You squeeze Pikel!
Pikel is heavily wounded.
You constrict Pikel.
Pikel zaps a wand.
Your mind is blasted!
You die...
Pikel says, "Another soul for the market."

▒············▒ ▒···
▒▒···········▒▒ ▒▒··
▒············▒ ▒▒▒ ▒···········▒
▒··········▒▒ ▒▒▒···▒▒··▒▒
▒▒··▒▒▒··▒▒ ▒▒▒ ▒··▒▒ ▒▒··▒▒ ▒
▒·▒ ▒▒h▒▒▒▒▒····▒▒ ▒ ▒▒·▒
▒▒K▒▒·····)▒··▒▒ ▒ ▒··▒
▒▒5▒▒▒·······▒··▒▒ ▒▒▒▒▒·▒▒ ▒▒·5▒
▒·······▒▒··▒▒ ··▒▒··▒▒
▒▒5··▒▒▒········▒▒··▒▒▒
·······▒▒▒▒·····▒··········▒▒··▒·
▒▒▒▒·····5·▒·····▒·········▒▒▒···
▒·▒▒···▒▒▒··············▒ ▒▒·[
▒·▒▒▒▒··▒ ▒▒▒············▒ ▒··


You could see Pikel (drained) and 4 lemures.

Vanquished Creatures
  Pargi (D:4)
  2 hounds
  2 orc wizards (D:3)
  6 adders
  3 dart slugs
  A ribbon worm (D:3)
  2 orcs (D:3)
  3 bats
  7 endoplasms
  2 giant cockroaches
  4 goblins
  6 hobgoblins
  2 kobolds
  9 quokkas
  6 ball pythons
  2 frilled lizards
  5 rats
63 creatures vanquished.

Notes
Turn   | Place    | Note
-------+----------+-------------------------------------------
     0 | D:1      | Azzok the Octopode Shapeshifter began the quest for the
                  | Orb.
     0 | D:1      | Reached XP level 1. HP: 13/13 MP: 1/1
   304 | D:1      | Reached XP level 2. HP: 17/18 MP: 2/2
  1114 | D:2      | Reached XP level 3. HP: 21/21 MP: 3/3
  1331 | D:2      | Reached XP level 4. HP: 26/28 MP: 4/4
  1566 | D:2      | Found an opulent altar of Gozag.
  1616 | D:2      | Became a worshipper of Gozag Ym Sagoz the Greedy
  2213 | D:3      | Found a glowing golden altar of the Shining One.
  2223 | D:3      | Found a basalt altar of Yredelemnul.
  2262 | D:3      | Got the Book of the Enchanted Damned
  2289 | D:3      | Reached XP level 5. HP: 26/33 MP: 5/5
  2480 | D:3      | Found a snail-covered altar of Cheibriados.
  2682 | D:3      | Noticed an angel
  2793 | D:4      | Found Likept's Mass Market.
  2867 | D:4      | Noticed Pargi
  2883 | D:4      | Killed Pargi
  2884 | D:4      | Reached skill level 5 in Unarmed Combat
  2884 | D:4      | Reached XP level 6. HP: 3/38 MP: 6/6
  3200 | D:4      | Reached skill level 5 in Shapeshifting
  3285 | D:4      | Noticed Pikel
  3328 | D:4      | Blown up by Pikel

Illustrated notes

Levels and vault maps discovered:
D:1:      mushboom_english_gardens, layout_loops_corners, corexii_hall_statues_u
D:2:      minmay_recursive_quarters, layout_basic, basic_altar
D:3:      layout_rooms, grunt_temple_overflow_holy_war, slow_altar_2
D:4:      layout_cave_pods, gammafunk_ghost_icy, minmay_shop_mass, uniq_pikel,
          uniq_pargi

Skill      XL: |  1  2  3  4  5  6 |
---------------+-------------------+-----
Unarmed Combat | 4 5 |  5.4
Shapeshifting  | 4 5 |  5.1
Fighting       | |  1.0
Dodging        | |  2.0

Action                     |  1- 3 |  4- 6 || total
---------------------------+-------+-------++-------
  Melee: Unarmed           |    26 |       ||    26
         Constrict         |    11 |    25 ||    36
         Tentacles         |     6 |    15 ||    21
         Dagger            |    13 |    93 ||   106
         Punch             |     1 |     2 ||     3
    Use: Scroll            |       |     7 ||     7
         Potion            |       |     1 ||     1
   Stab: Sleeping          |     2 |     4 ||     6
 Armour: Skin              |    15 |    44 ||    59
  Dodge: Dodged            |    17 |    51 ||    68
